 Dungeon Crawl Stone Soup version 0.17-b1-20-g63edfd6 (webtiles) character file.

686 dysrexia the Sneak (level 7, -2/41 HPs)
             Began as an Octopode Wizard on Nov 4, 2015.
             Slain by a centaur (7 damage)
             ... on level 6 of the Dungeon.
             The game lasted 00:38:49 (7154 turns).

dysrexia the Sneak (Octopode Wizard)                Turns: 7154, Time: 00:38:50

Health: -2/41      AC:  1    Str:  6    XL:     7   Next: 62%
Magic:  10/14      EV: 12    Int: 23    God:
Gold:   256        SH:  0    Dex: 10    Spells: 5 memorised, 4 levels left

rFire  . . .     SeeInvis .     q - +1 hand axe (freeze)
rCold  . . .     Clarity  .     (no shield)
rNeg   . . .     SustAt   .     a - +0 hat
rPois  +         Gourm    .     (no amulet)
rElec  .         Spirit   .     s - ring of poison resistance
rCorr  .         Warding  .     (no ring)
rMut   .         Stasis   .     (no ring)
MR     .....                    (no ring)
Stlth  ++++......               (no ring)
                                (no ring)
                                (no ring)
                                (no ring)

@: very slightly contaminated, not resistant to hostile enchantments, stealthy
A: almost no armour, amphibious, 8 rings, constrict 8, camouflage 1, gelatinous
body 1
a: no special abilities


You were on level 6 of the Dungeon.
You were not hungry.

You visited 1 branch of the dungeon, and saw 6 of its levels.

You collected 256 gold pieces.

Inventory:

Hand Weapons
 q - a +1 hand axe of freezing (weapon)
Missiles
 o - 11 poisoned needles
Armour
 a - a +0 hat (worn)
 y - a +0 large shield
Jewellery
 s - a ring of poison resistance (left tentacle)
Wands
 j - a wand of digging (16)
 t - a wand of paralysis (15)
 w - a wand of slowing (23)
Scrolls
 d - 2 scrolls of remove curse
 k - a scroll of identify
 l - a scroll of amnesia {unknown}
 v - 2 scrolls of immolation {unknown}
 x - a scroll of teleportation
Potions
 c - a potion of cancellation {unknown}
 e - 4 potions of flight
 g - a potion of magic
 h - 2 potions of mutation
 i - 2 potions of curing
 m - a potion of heal wounds {unknown}
 n - a potion of degeneration {unknown}
 p - a potion of resistance {unknown}
 r - a potion of agility {unknown}
 u - a potion of might {unknown}
 z - a potion of lignification {unknown}
Books
 b - a book of Minor Magic

   Spells                             Type                      Level
   a - Magic Dart                     Conjuration                  1
   b - Blink                          Translocation                2
   c - Call Imp                       Summoning                    2
   d - Repel Missiles                 Charms/Air                   2
   e - Slow                           Hexes                        2
   f - Conjure Flame                  Conjuration/Fire             3
   g - Mephitic Cloud                 Conjuration/Poison/Air       3
Comestibles
 f - 3 meat rations
 A - 3 chunks of flesh


   Skills:
 + Level 2.2 Dodging
 - Level 5.2 Stealth
 + Level 4.7 Spellcasting
 * Level 4.9 Conjurations
   Level 1.0 Summonings
 - Level 1.0 Translocations
 - Level 4.0 Poison Magic


You had 4 spell levels left.
You knew the following spells:

 Your Spells              Type           Power        Failure   Level  Hunger
a - Magic Dart            Conj           ####         1%          1    None
b - Blink                 Tloc           N/A          12%         2    None
c - Repel Missiles        Chrm/Air       #.....       17%         2    None
d - Conjure Flame         Conj/Fire      ###.....     12%         3    ##.....
e - Mephitic Cloud        Conj/Pois/Air  ###.....     10%         3    ##.....


Dungeon Overview and Level Annotations

Branches:
Dungeon (6/15)             Temple (0/1) D:6

Altars:
Dithmenos
Fedhas
Ru
Trog
Xom

Annotations:
D:4 M4edhros's ghost, weakling OpAr
D:5 exclusions: upstairs and wight
D:6 dvd's ghost, novice OpMo


Innate Abilities, Weirdness & Mutations

You cannot wear most types of armour.
You are amphibious.
You can wear up to eight rings at the same time.
You can use your tentacles to constrict eight enemies at once.
Your skin changes colour to match your surroundings (Stealth).
Your rubbery body absorbs attacks (AC +1).


Message History

* * * LOW HITPOINT WARNING * * *
Casting: Magic Dart
Confirm with . or Enter, or press ? or * to list all spells.
Aiming: Magic Dart
Press: ? - help, Shift-Dir - straight line, f/p - centaur
Aim: a centaur (moderately wounded)
The magic dart hits the centaur.
The centaur is heavily wounded.
The centaur hits you.
* * * LOW HITPOINT WARNING * * *
The centaur barely misses you.
Casting: Magic Dart
Confirm with . or Enter, or press ? or * to list all spells.
Aiming: Magic Dart
Press: ? - help, Shift-Dir - straight line, f/p - centaur
Aim: a centaur (heavily wounded)
The magic dart hits the centaur.
The centaur is almost dead.
The centaur hits you!
You die...

#..........##.#
#.###########.#####
#.#####>[.###.##..#
#...>..........'..#
####.##.#.###.##..#
#.##.# #.#####
#.##.# #.# #.##.#
#.##### #.##.#
#...@c#
#.##.###.#####.#
#........... ...
####.....## ##...
#.##.#### ....#
##### #..#....#
.... ....#
#........ .P.
....###..####.# >..
.........#


You could see a centaur.

Vanquished Creatures
  A phantom (D:5)
  An ogre (D:6)
  A giant frog (D:5)
  3 crimson imps (D:5)
  An orc wizard (D:4)
  A hound (D:5)
  Jessica (D:2)
  2 worker ants
  A killer bee zombie (D:5)
  2 hound zombies
  9 adders
  An ooze (D:1)
  3 worms
  A giant gecko (D:5)
  8 orcs (D:4)
  3 giant cockroaches
  4 goblins
  8 hobgoblins
  6 jackals
  2 quokkas
  5 ball pythons
  5 bats
  6 giant newts
  2 kobolds
  4 rats
81 creatures vanquished.

Notes
Turn   | Place    | Note
--------------------------------------------------------------
     0 | D:1      | dysrexia the Octopode Wizard began the quest for the Orb.
     0 | D:1      | Reached XP level 1. HP: 11/11 MP: 4/4
   212 | D:1      | Reached XP level 2. HP: 17/17 MP: 3/6
   313 | D:1      | Learned a level 2 spell: Blink
   316 | D:1      | Learned a level 2 spell: Repel Missiles
   745 | D:1      | Reached XP level 3. HP: 21/21 MP: 3/7
  1123 | D:2      | Noticed Jessica
  1128 | D:2      | Killed Jessica
  1183 | D:2      | Learned a level 3 spell: Conjure Flame
  1205 | D:2      | Reached XP level 4. HP: 15/27 MP: 2/9
  1744 | D:3      | Found a blossoming altar of Fedhas.
  1744 | D:3      | Found a shimmering altar of Xom.
  1747 | D:3      | Found a shadowy altar of Dithmenos.
  2171 | D:3      | Reached skill level 4 in Stealth
  2184 | D:3      | Reached XP level 5. HP: 31/31 MP: 3/11
  2189 | D:3      | Learned a level 3 spell: Mephitic Cloud
  2647 | D:3      | Found a bloodstained altar of Trog.
  2657 | D:3      | Noticed a phantom
  2702 | D:4      | Noticed M4edhros's ghost (weakling OpAr)
  2786 | D:4      | Reached skill level 1 in Poison Magic
  2971 | D:4      | Noticed a black bear
  3866 | D:4      | Reached XP level 6. HP: 36/36 MP: 6/12
  3961 | D:4      | Noticed a phantom
  4046 | D:4      | Found a sacrificial altar of Ru.
  4193 | D:5      | Entered Level 5 of the Dungeon
  5034 | D:5      | Found a shimmering altar of Xom.
  5706 | D:5      | Reached skill level 5 in Stealth
  5706 | D:5      | Reached XP level 7. HP: 41/41 MP: 0/13
  6400 | D:6      | Noticed dvd's ghost (novice OpMo)
  7148 | D:6      | Found a staircase to the Ecumenical Temple.
  7154 | D:6      | Slain by a centaur

Action                   |  1- 3 |  4- 6 |  7- 9 || total
-------------------------+-------+-------+-------++-------
Melee: Unarmed           |    20 |     2 |       ||    22
       Whip              |       |    18 |       ||    18
       Hand axe          |       |     2 |     8 ||    10
 Cast: Magic Dart        |    54 |   186 |    68 ||   308
       Conjure Flame     |     1 |    10 |     7 ||    18
       Blink             |       |    11 |     1 ||    12
       Mephitic Cloud    |       |     3 |     5 ||     8
  Use: Scroll            |     2 |     7 |       ||     9
 Stab: Sleeping          |     1 |     4 |     1 ||     6
  Eat: Chunk             |     1 |     9 |     2 ||    12
       Bread ration      |       |     1 |     1 ||     2
